 Dungeon Crawl Stone Soup version 0.29.0-4-gdea44cf6ec (webtiles) character file.

Game seed: 11160492646721395132

4018 qw the Blocker (level 10, 0/89 HPs)
             Began as a Troll Cinder Acolyte on Sept 1, 2022.
             Was a Follower of Ignis.
             Slain by a skeletal warrior
             ... wielding a +0 trident
              (13 damage)
             ... on level 9 of the Dungeon.
             The game lasted 00:03:49 (6428 turns).

qw the Blocker (Troll Cinder Acolyte)               Turns: 6428, Time: 00:03:49

Health: 0/89       AC: 15    Str: 28    XL:     10   Next: 3%
Magic:  10/10      EV: 11    Int: 10    God:    Ignis [*.....]
Gold:   505        SH: 15    Dex: 11    Spells: 11/11 levels left

rFire   + . .      SeeInvis .     - Unarmed
rCold   . . .      Faith    .   h - +0 tower shield
rNeg    . . .      Spirit   .   s - +0 steam dragon scales
rPois   .          Reflect  .   (helmet restricted)
rElec   .          Harm     .   o - +0 cloak
rCorr   .          Rampage  .   (gloves unavailable)
Will    .....                   (boots unavailable)
Stlth   +.........              (no amulet)
HPRegen 1.04/turn               c - +6 ring of dexterity
MPRegen 0.12/turn               q - +4 ring of evasion

@: about to teleport, fiery-armoured
A: large, unfitting armour, claws 3, regeneration 1, shaggy fur 1, tough skin 1
a: Renounce Religion, Fiery Armour, Foxfire Swarm, Rising Flame


You were on level 9 of the Dungeon.
You worshipped Ignis.
Ignis was aware of your devotion.
You visited 1 branch of the dungeon, and saw 9 of its levels.

You collected 505 gold pieces.


Innate Abilities, Weirdness & Mutations

You are too large for most types of armour.
You have claws for hands.
Your natural rate of healing is unusually fast.
You are covered in fur. (AC +1)
You have tough skin. (AC +1)


   Skills:
 + Level 2.8 Fighting
 - Level 2.0 Throwing
 - Level 1.1 Armour
 - Level 1.3 Dodging
 - Level 10.0 Shields
 - Level 9.2 Unarmed Combat
 - Level 1.0 Spellcasting
 - Level 2.1 Fire Magic


You had 11 spell levels left.
You didn't know any spells.
Your spell library contained the following spells:

 Spells                   Type           Power      Damage    Failure   Level
 Scorch                   Fire           8%         2d5       65%         2

Inventory:

Missiles
 j - 23 boomerangs
 m - 3 large rocks (quivered)
Armour
 h - a +0 tower shield (worn)
 o - a +0 cloak (worn)
 s - +0 steam dragon scales (worn)
Jewellery
 c - a +6 ring of dexterity (left claw)
 f - a ring of ice
 q - a +4 ring of evasion (right claw)
Scrolls
 b - 5 scrolls of identify
Potions
 d - 4 potions of curing
 g - 2 potions of mutation
 i - a potion of cancellation
 k - a potion of might
 n - a potion of haste
 p - a potion of resistance

Dungeon Overview and Level Annotations

Branches:
Dungeon (9/15)             Temple (0/1) D:7
   Lair: D:8-11         Orc: D:9-12

Altars:
Fedhas
Gozag
Qazlal
Xom
Yredelemnul


Message History

The skeletal warrior is burned by your cloak of flames.
The skeletal warrior is lightly damaged.
You claw the skeletal warrior!
The skeletal warrior is moderately damaged.
The skeletal warrior hits you from afar with a +0 trident!
The skeletal warrior barely misses you.
You barely miss the skeletal warrior.
The skeletal warrior is moderately damaged.
You block the skeletal warrior's attack. x2
You barely miss the skeletal warrior.
The skeletal warrior is moderately damaged.
The skeletal warrior hits you but does no damage.
You block the skeletal warrior's attack.
You claw the skeletal warrior!
The skeletal warrior is heavily damaged.
You block the skeletal warrior's attack.
The skeletal warrior hits you with a +0 long sword!
You scratch the skeletal warrior but do no damage.
The skeletal warrior is heavily damaged.
The skeletal warrior hits you from afar with a +0 trident.
The skeletal warrior barely misses you.
You completely miss the skeletal warrior.
The skeletal warrior is heavily damaged.
The skeletal warrior hits you from afar with a +0 trident.
You block the skeletal warrior's attack.
The orc priest calls down the wrath of Beogh upon you.
Beogh smites you!
You mangle the skeletal warrior!!
The skeletal warrior is almost destroyed.
You block the skeletal warrior's attack.
The skeletal warrior closely misses you.
You scratch the skeletal warrior but do no damage.
The skeletal warrior is almost destroyed.
The skeletal warrior hits you from afar with a +0 trident!!
You block the skeletal warrior's attack.
6428 ||| READING scroll of teleportation.
As you read the scroll of teleportation, it crumbles to dust.
You feel strangely unstable.
The skeletal warrior hits you from afar with a +0 trident!
You die... ### #.. # ..# '# ..#.. .oo

###########o##
#.......@zzo.#
#.....####zo##
#....###...##
#....##..###
#...<...#
#...........
#....#....#.
#....####.#
#....# ..


You could see 3 skeletal warriors, an orc priest and 2 orcs.

Vanquished Creatures
  A two-headed ogre (D:8)
  Maggie (D:6)
  2 wyverns
  A water moccasin (D:6)
  2 black bears
  A sky beast (D:6)
  An ice beast (D:5)
  A centaur (D:4)
  A phantom (D:6)
  3 bullfrogs (D:8)
  A gnoll sergeant (D:8)
  5 scorpions
  9 wights (D:7)
  6 killer bees (D:7)
  A jelly (D:3)
  4 hounds
  6 orc priests
  A gnoll bouda (D:8)
  4 iguanas
  5 orc wizards
  Natasha (thrice) (D:4)
  9 gnolls (D:8)
  4 adders
  A shadow imp (D:8)
  A white imp (D:7)
  3 ufetubi
  A worm (D:2)
  A dart slug (D:1)
  34 orcs
  4 ball pythons
  15 endoplasms
  7 giant cockroaches
  15 goblins
  7 hobgoblins
  4 jackals (D:3)
  9 quokkas
  4 bats
  4 frilled lizards
  12 kobolds
  A rat (D:1)
195 creatures vanquished.

Vanquished Creatures (others)
  5 fungi
  7 plants (D:7)
  9 toadstools (D:3)
21 creatures vanquished.

Grand Total: 216 creatures vanquished

Notes
Turn   | Place    | Note
-------+----------+-------------------------------------------
     0 | D:1      | qw the Troll Cinder Acolyte began the quest for the Orb.
     0 | D:1      | Reached XP level 1. HP: 22/22 MP: 1/1
     0 | D:1      | 0 ||| qw: Version: 0.1-a-97-g2dd2ca4
     0 | D:1      | 0 ||| qw: Game counter: 4687
     0 | D:1      | 0 ||| qw: Always use a shield: true
     0 | D:1      | 0 ||| qw: God list: Okawaru
     0 | D:1      | 0 ||| qw: Allow faded altars: false
     0 | D:1      | 0 ||| qw: Do Orc after D:15 true
     0 | D:1      | 0 ||| qw: Do second Lair branch before Depths: true
     0 | D:1      | 0 ||| qw: Lair rune preference: random
     0 | D:1      | 0 ||| qw: Plans: Normal
     0 | D:1      | 0 ||| PLANNING D:1-11
     6 | D:1      | 6 ||| Stepping ~*~*~tactically~*~*~ (hiding).
   177 | D:1      | 177 ||| Stepping ~*~*~tactically~*~*~ (outnumbered).
   178 | D:1      | 178 ||| Stepping ~*~*~tactically~*~*~ (outnumbered).
   183 | D:1      | Reached XP level 2. HP: 29/29 MP: 2/2
   192 | D:1      | 192 ||| Stepping ~*~*~tactically~*~*~ (outnumbered).
   193 | D:1      | 193 ||| Stepping ~*~*~tactically~*~*~ (outnumbered).
   194 | D:1      | 194 ||| Stepping ~*~*~tactically~*~*~ (outnumbered).
   195 | D:1      | 195 ||| Stepping ~*~*~tactically~*~*~ (outnumbered).
   350 | D:1      | 350 ||| Stepping ~*~*~tactically~*~*~ (stealth).
   685 | D:1      | Reached XP level 3. HP: 36/36 MP: 3/3
   773 | D:1      | 773 ||| READING scroll labelled XOALAC DASS.
   774 | D:1      | 774 ||| READING scroll labelled NYEREASOSO.
   775 | D:1      | 775 ||| READING scroll labelled ZAMOARAOSOI.
   776 | D:1      | 776 ||| READING scroll labelled NEIKHL ZULAEMP.
   779 | D:1      | 779 ||| READING scroll labelled INNUERU JEZIWK.
   780 | D:1      | 780 ||| DRINKING 2 glowing silvery potions.
   781 | D:1      | 781 ||| DRINKING 2 pink potions.
   882 | D:1      | 882 ||| DROPPING potion of flight.
   883 | D:1      | 883 ||| DROPPING potion of ambrosia.
  1304 | D:2      | Found a faded altar of an unknown god.
  1427 | D:2      | Found a basalt altar of Yredelemnul.
  1735 | D:2      | 1735 ||| READING scroll labelled ITRAUXT LUGO.
  1736 | D:2      | 1736 ||| READING scroll labelled DYN YGUTOGU.
  1737 | D:2      | 1737 ||| DRINKING 2 ruby potions.
  1775 | D:2      | 1775 ||| DRINKING 2 cyan potions.
  1776 | D:2      | 1776 ||| READING 2 scrolls of identify.
  1776 | D:2      | 1776 ||| IDENTIFYING bubbling amethyst potion
  1777 | D:2      | 1777 ||| DROPPING potion of brilliance.
  1778 | D:2      | 1778 ||| DROPPING potion of lignification.
  1847 | D:3      | Reached XP level 4. HP: 42/44 MP: 4/4
  1939 | D:3      | 1939 ||| INVOKING Fiery Armour.
  1940 | D:3      | 1940 ||| Stepping ~*~*~tactically~*~*~ (outnumbered).
  1944 | D:3      | 1944 ||| FLEEEEING.
  1947 | D:3      | 1947 ||| Stepping ~*~*~tactically~*~*~ (outnumbered).
  2111 | D:3      | 2111 ||| INVOKING Fiery Armour.
  2115 | D:3      | 2115 ||| Stepping ~*~*~tactically~*~*~ (outnumbered).
  2121 | D:3      | 2121 ||| FLEEEEING.
  2129 | D:3      | 2129 ||| FLEEEEING.
  2130 | D:3      | 2130 ||| FLEEEEING.
  2496 | D:3      | Found an opulent altar of Gozag.
  2540 | D:3      | Found a shimmering altar of Xom.
  2553 | D:3      | 2553 ||| UPGRADING to +6 ring of dexterity.
  2554 | D:3      | 2554 ||| READING scroll labelled LIG LAILUEWK.
  2555 | D:3      | 2555 ||| READING scroll labelled MYWIWK CE GYJ.
  2556 | D:3      | 2556 ||| DRINKING 2 fizzy emerald potions.
  2557 | D:3      | 2557 ||| READING 2 scrolls of identify.
  2557 | D:3      | 2557 ||| IDENTIFYING bubbling puce potion
  2680 | D:4      | 2680 ||| INVOKING Fiery Armour.
  2681 | D:4      | 2681 ||| Stepping ~*~*~tactically~*~*~ (stealth).
  2683 | D:4      | 2683 ||| DRINKING potion of curing.
  2683 | D:4      | 2683 ||| (to cure confusion)
  2684 | D:4      | 2684 ||| Stepping ~*~*~tactically~*~*~ (outnumbered).
  2685 | D:4      | 2685 ||| STAIRDANCE
  2688 | D:3      | Reached XP level 5. HP: 42/50 MP: 5/5
  2698 | D:4      | 2698 ||| STAIRDANCE
  2703 | D:4      | 2703 ||| STAIRDANCE
  2719 | D:4      | Reached skill level 1 in Dodging
  2725 | D:4      | Reached skill level 6 in Unarmed Combat
  2830 | D:4      | Reached XP level 6. HP: 58/59 MP: 6/6
  2901 | D:4      | 2901 ||| INVOKING Fiery Armour.
  2959 | D:4      | Noticed Natasha
  2960 | D:4      | 2960 ||| Stepping ~*~*~tactically~*~*~ (hiding).
  2965 | D:4      | Killed Natasha
  2970 | D:4      | 2970 ||| Stepping ~*~*~tactically~*~*~ (stealth).
  2971 | D:4      | 2971 ||| Stepping ~*~*~tactically~*~*~ (stealth).
  2972 | D:4      | 2972 ||| Stepping ~*~*~tactically~*~*~ (outnumbered).
  2973 | D:4      | 2973 ||| Stepping ~*~*~tactically~*~*~ (outnumbered).
  2974 | D:4      | 2974 ||| Stepping ~*~*~tactically~*~*~ (outnumbered).
  2975 | D:4      | 2975 ||| Stepping ~*~*~tactically~*~*~ (outnumbered).
  2977 | D:4      | Noticed Natasha
  2985 | D:4      | Killed Natasha
  3194 | D:4      | 3194 ||| Stepping ~*~*~tactically~*~*~ (stealth).
  3196 | D:4      | 3196 ||| Stepping ~*~*~tactically~*~*~ (stealth).
  3227 | D:4      | Noticed Natasha
  3245 | D:4      | 3245 ||| INVOKING Fiery Armour.
  3246 | D:4      | Killed Natasha
  3247 | D:4      | Reached XP level 7. HP: 28/66 MP: 7/7
  3353 | D:4      | 3353 ||| UPGRADING to +0 tower shield.
  3358 | D:4      | 3358 ||| READING 2 scrolls labelled SAB BAW KED.
  3359 | D:4      | 3359 ||| DRINKING 2 white potions.
  3360 | D:4      | 3360 ||| DROPPING potion of attraction.
  3361 | D:4      | 3361 ||| DROPPING scroll of poison.
  3362 | D:4      | 3362 ||| READING scroll of teleportation.
  3376 | D:5      | Entered Level 5 of the Dungeon
  3383 | D:5      | 3383 ||| Stepping ~*~*~tactically~*~*~ (outnumbered).
  3384 | D:5      | 3384 ||| Stepping ~*~*~tactically~*~*~ (outnumbered).
  3385 | D:5      | 3385 ||| Stepping ~*~*~tactically~*~*~ (outnumbered).
  3386 | D:5      | 3386 ||| Stepping ~*~*~tactically~*~*~ (outnumbered).
  3387 | D:5      | 3387 ||| Stepping ~*~*~tactically~*~*~ (outnumbered).
  3388 | D:5      | 3388 ||| Stepping ~*~*~tactically~*~*~ (outnumbered).
  3432 | D:5      | 3432 ||| Stepping ~*~*~tactically~*~*~ (stealth).
  3433 | D:5      | 3433 ||| Stepping ~*~*~tactically~*~*~ (stealth).
  3435 | D:5      | 3435 ||| Stepping ~*~*~tactically~*~*~ (stealth).
  3437 | D:5      | 3437 ||| Stepping ~*~*~tactically~*~*~ (stealth).
  3459 | D:5      | 3459 ||| Stepping ~*~*~tactically~*~*~ (stealth).
  3460 | D:5      | Identified the +4 hand axe "Luostavi" {elec, *Noise Str+4
                  | Int+3 Dex+6}
  3477 | D:5      | Reached skill level 2 in Shields
  3813 | D:5      | 3813 ||| READING scroll labelled FYMIACS VYQI.
  3814 | D:5      | 3814 ||| READING scroll labelled NOCHUFE VIDUPH.
  3915 | D:5      | 3915 ||| READING 2 scrolls of identify.
  3915 | D:5      | 3915 ||| IDENTIFYING amethyst potion
  4020 | D:6      | 4020 ||| Stepping ~*~*~tactically~*~*~ (outnumbered).
  4021 | D:6      | 4021 ||| Stepping ~*~*~tactically~*~*~ (outnumbered).
  4022 | D:6      | 4022 ||| Stepping ~*~*~tactically~*~*~ (outnumbered).
  4023 | D:6      | 4023 ||| Stepping ~*~*~tactically~*~*~ (outnumbered).
  4024 | D:6      | 4024 ||| Stepping ~*~*~tactically~*~*~ (outnumbered).
  4025 | D:6      | 4025 ||| Stepping ~*~*~tactically~*~*~ (outnumbered).
  4026 | D:6      | 4026 ||| Stepping ~*~*~tactically~*~*~ (outnumbered).
  4028 | D:6      | 4028 ||| Stepping ~*~*~tactically~*~*~ (outnumbered).
  4029 | D:6      | 4029 ||| Stepping ~*~*~tactically~*~*~ (outnumbered).
  4030 | D:6      | 4030 ||| Stepping ~*~*~tactically~*~*~ (outnumbered).
  4031 | D:6      | 4031 ||| Stepping ~*~*~tactically~*~*~ (outnumbered).
  4035 | D:6      | 4035 ||| Stepping ~*~*~tactically~*~*~ (outnumbered).
  4036 | D:6      | 4036 ||| Stepping ~*~*~tactically~*~*~ (outnumbered).
  4037 | D:6      | 4037 ||| Stepping ~*~*~tactically~*~*~ (outnumbered).
  4040 | D:6      | Reached skill level 3 in Shields
  4042 | D:6      | Reached skill level 4 in Shields
  4124 | D:6      | Reached XP level 8. HP: 74/74 MP: 8/8
  4273 | D:6      | Reached skill level 5 in Shields
  4411 | D:6      | Noticed Maggie
  4422 | D:6      | 4422 ||| INVOKING Fiery Armour.
  4427 | D:6      | HP: 18/74 [Maggie/+2 war axe of flaming (3)]
  4427 | D:6      | Killed Maggie
  4428 | D:6      | Reached skill level 6 in Shields
  4761 | D:6      | 4761 ||| Stepping ~*~*~tactically~*~*~ (stealth).
  4762 | D:6      | 4762 ||| Stepping ~*~*~tactically~*~*~ (stealth).
  4766 | D:6      | 4766 ||| Stepping ~*~*~tactically~*~*~ (stealth).
  4770 | D:6      | 4770 ||| Stepping ~*~*~tactically~*~*~ (hiding).
  4901 | D:6      | Reached skill level 7 in Shields
  4939 | D:6      | 4939 ||| UPGRADING to +0 cloak.
  4944 | D:6      | 4944 ||| UPGRADING to +0 steam dragon scales.
  4954 | D:6      | 4954 ||| DROPPING +0 robe.
  4955 | D:6      | 4955 ||| UPGRADING to +4 ring of evasion.
  4956 | D:6      | 4956 ||| READING scroll labelled GUDUOL MO SADO.
  4957 | D:6      | 4957 ||| DRINKING 2 yellow potions.
  4958 | D:6      | 4958 ||| READING 2 scrolls of identify.
  4958 | D:6      | 4958 ||| IDENTIFYING inky potion
  4959 | D:6      | 4959 ||| DROPPING potion of magic.
  4984 | D:7      | Found a blossoming altar of Fedhas.
  5021 | D:7      | 5021 ||| INVOKING Fiery Armour.
  5021 | D:7      | HP: 17/74 [hound (2)]
  5022 | D:7      | 5022 ||| DRINKING potion of heal wounds.
  5025 | D:7      | Reached XP level 9. HP: 33/80 MP: 9/9
  5088 | D:7      | Found a stormy altar of Qazlal.
  5139 | D:7      | 5139 ||| Stepping ~*~*~tactically~*~*~ (hiding).
  5151 | D:7      | 5151 ||| INVOKING Fiery Armour.
  5153 | D:7      | 5153 ||| Stepping ~*~*~tactically~*~*~ (outnumbered).
  5159 | D:7      | Reached skill level 8 in Shields
  5269 | D:7      | Found a staircase to the Ecumenical Temple.
  5365 | D:7      | 5365 ||| Stepping ~*~*~tactically~*~*~ (stealth).
  5472 | D:7      | 5472 ||| Stepping ~*~*~tactically~*~*~ (stealth).
  5477 | D:7      | 5477 ||| INVOKING Fiery Armour.
  5484 | D:7      | Reached skill level 9 in Shields
  5486 | D:7      | HP: 18/80 [orc priest/divine providence (13)]
  5493 | D:7      | Reached skill level 1 in Armour
  5591 | D:7      | 5591 ||| DRINKING 2 red potions.
  5592 | D:7      | 5592 ||| DRINKING 2 smoky pink potions.
  5620 | D:8      | 5620 ||| STAIRDANCE
  5625 | D:8      | 5625 ||| STAIRDANCE
  5641 | D:8      | 5641 ||| Stepping ~*~*~tactically~*~*~ (outnumbered).
  5646 | D:8      | 5646 ||| Stepping ~*~*~tactically~*~*~ (outnumbered).
  5706 | D:8      | Noticed a two-headed ogre
  5711 | D:8      | Killed a two-headed ogre
  5712 | D:8      | Reached skill level 9 in Unarmed Combat
  5789 | D:8      | 5789 ||| INVOKING Fiery Armour.
  5889 | D:8      | Found a flagged portal.
  5956 | D:8      | 5956 ||| Stepping ~*~*~tactically~*~*~ (hiding).
  5958 | D:8      | 5958 ||| Stepping ~*~*~tactically~*~*~ (hiding).
  5967 | D:8      | 5967 ||| Stepping ~*~*~tactically~*~*~ (stealth).
  5969 | D:8      | 5969 ||| Stepping ~*~*~tactically~*~*~ (stealth).
  5988 | D:8      | Reached XP level 10. HP: 88/88 MP: 10/10
  5989 | D:8      | 5989 ||| Stepping ~*~*~tactically~*~*~ (hiding).
  5999 | D:8      | Reached skill level 10 in Shields
  6404 | D:9      | 6404 ||| Stepping ~*~*~tactically~*~*~ (hiding).
  6404 | D:9      | Noticed a skeletal warrior
  6404 | D:9      | Noticed a skeletal warrior
  6405 | D:9      | 6405 ||| INVOKING Fiery Armour.
  6406 | D:9      | Noticed a skeletal warrior
  6409 | D:9      | 6409 ||| Stepping ~*~*~tactically~*~*~ (outnumbered).
  6410 | D:9      | 6410 ||| Stepping ~*~*~tactically~*~*~ (outnumbered).
  6411 | D:9      | 6411 ||| Stepping ~*~*~tactically~*~*~ (outnumbered).
  6427 | D:9      | HP: 12/89 [skeletal warrior/+0 trident (21)]
  6428 | D:9      | 6428 ||| READING scroll of teleportation.
  6428 | D:9      | Slain by a skeletal warrior

Levels and vault maps discovered:
D:1:      doesnt_arrival_eight_statues, layout_basic, hangedman_decor_lopped,
          minmay_heptomino_w4
D:2:      layout_basic, hellmonk_ecumenical_altar_crossroads, basic_altar
D:3:      cheibrodos_fertilizer, layout_rooms, mainiacjoe_overflow_two_lobes
D:4:      kennysheep_the_goblin_king, layout_gridville, uniq_natasha
D:5:      layout_cave_pools, hangedman_decor_diamond_cutter
D:6:      layout_gridville, chequers_serial_rivers_micro_b,
          kennysheep_generic_room_9, uniq_maggie
D:7:      layout_rooms, grunt_temple_overflow_forces_of_nature,
          minmay_temple_entry_gardened_gates, david_defended_altar_orc
D:8:      layout_loops_ring, enter_bailey_5
D:9:      layout_rooms, erik_lair_orcish_takeover, hiddenorc2_lemuel,
          serial_shops, shop

Skill      XL: |  1  2  3  4  5  6  7  8  9 10 |
---------------+-------------------------------+-----
Unarmed Combat | 4 5 6 7 9 |  9.2
Dodging        | 1 |  1.3
Shields        | 4 7 9 10 | 10.0
Throwing       | 2 |  2.0
Armour         | 1 |  1.1
Fighting       | |  2.8
Spellcasting   | |  1.0
Fire Magic     | |  2.1

Action                   |  1- 3 |  4- 6 |  7- 9 | 10-12 || total
-------------------------+-------+-------+-------+-------++-------
Melee: Unarmed           |   104 |   133 |   231 |    33 ||   501
       Punch             |     1 |     3 |       |       ||     4
Throw: Boomerang         |       |    39 |       |       ||    39
       Large rock        |       |       |    38 |     2 ||    40
Invok: Fiery Armour      |       |     5 |     5 |     1 ||    11
  Use: Scroll            |     8 |     3 |     7 |     1 ||    19
       Potion            |     4 |     2 |     5 |       ||    11
Armor: Robe              |    26 |    56 |    25 |       ||   107
       Steam dragon scal |       |       |    41 |     5 ||    46
Dodge: Dodged            |    26 |    76 |    76 |     9 ||   187
Block: Tower shield      |       |       |   178 |    23 ||   201

Table legend:
 A = Non-vault XP
 B = Vault XP
 C = Vault XP percentage of total XP
 D = Non-vault monster count
 E = Vault monster count
 F = Vault count percentage of total count
                 A         B        C        D         E       F
            +---------+---------+-------+---------+---------+-------
      Total |    5066 |     675 |  11.8 |     156 |      39 |  20.0
            +---------+---------+-------+---------+---------+-------
        D:1 |      33 |      13 |  28.3 |      18 |       8 |  30.8
        D:2 |      50 |       0 |   0.0 |      13 |       0 |   0.0
        D:3 |      42 |      69 |  62.2 |      16 |      16 |  50.0
        D:4 |     549 |      43 |   7.3 |      27 |       6 |  18.2
        D:5 |     237 |       0 |   0.0 |      11 |       0 |   0.0
        D:6 |     932 |     419 |  31.0 |      16 |       2 |  11.1
        D:7 |    1589 |     125 |   7.3 |      32 |       3 |   8.6
        D:8 |    1634 |       6 |   0.4 |      23 |       4 |  14.8
            +---------+---------+-------+---------+---------+-------
